 Dungeon Crawl Stone Soup version 0.31-a0-703-gcfe89afef6 (webtiles) character file.

Game seed: 14397222192495181853

144 cforsyth the Trooper (level 5, -6/42 HPs)
             Began as a Djinni Chaos Knight on Sept 9, 2023.
             Was a Plaything of Xom.
             Mangled by a gnoll
             ... wielding a +0 flail
              (7 damage)
             ... on level 4 of the Dungeon.
             The game lasted 00:04:10 (2453 turns).

cforsyth the Trooper (Djinni Chaos Knight)          Turns: 2453, Time: 00:04:11

Health: -6/42      AC:  9    Str: 17    XL:     5   Next: 52%
Gold:   97         EV: 12    Int: 15    God:    Xom [*.....] SH:  0 Dex: 13

rFire   + + .        a - +0 falchion (chaos)
rCold   x . .        (no shield)
rNeg    . . .        b - +2 leather armour
rPois   ∞            (no helmet)
rElec   .            (no cloak)
rCorr   .            (no gloves)
SInv    .            (boots unavailable)
Will    +....        (no amulet)
Stlth   +            f - +6 ring of strength
HPRegen 0.27/turn    n - +4 ring of protection
MPRegen 0.00/turn

%: infuse magic (-7 HP)
@: enlightened, flying
A: sickness immunity, fire resistance 2, cold vulnerability 1, float, innate
caster, HP casting, extra vitality 1
a: Renounce Religion


You were on level 4 of the Dungeon.
You worshipped Xom.
You were a special plaything of Xom.
You visited 1 branch of the dungeon, and saw 4 of its levels.

You collected 97 gold pieces.

Inventory:

Hand Weapons
 a - a +0 falchion of chaos (weapon)
Armour
 b - a +2 leather armour (worn)
Jewellery
 f - a +6 ring of strength (left hand)
 n - a +4 ring of protection (right hand)
 p - a ring of protection from fire
Scrolls
 c - a scroll of butterflies
 d - a scroll of vulnerability {unknown}
 e - a scroll of enchant weapon {unknown}
 j - 3 scrolls of blinking {unknown}
 k - a scroll of teleportation {unknown}
 o - a scroll of identify {unknown}
Potions
 h - a potion of might {unknown}
 i - a potion of degeneration {unknown}
 l - a potion of curing {unknown}
 m - a potion of lignification {unknown}


   Skills:
 + Level 4.5 Fighting
 - Level 2.6 Long Blades
 - Level 1.0 Armour
 - Level 2.1 Dodging
 + Level 2.3 Spellcasting
 + Level 2.3 Conjurations
 + Level 2.3 Hexes
 + Level 2.3 Summonings
 + Level 2.3 Necromancy
 + Level 2.3 Translocations
 + Level 2.3 Transmutations
 + Level 2.3 Fire Magic
 + Level 2.3 Ice Magic
 + Level 2.3 Air Magic
 + Level 2.3 Earth Magic
 + Level 2.3 Poison Magic


You knew the following spells:

 Your Spells              Type           Power      Damage    Failure   Level
a - Foxfire               Conj/Fire      32%        2x1d5     10%         1
b - Scorch                Fire           16%        2d5       16%         2
Your spell library was empty.

Dungeon Overview and Level Annotations

Branches:
Dungeon (4/15)
 Temple: D:4-7

Altars:
Dithmenos

Annotations:
D:3 3 runed translucent doors, arthad's ghost, amateur TrSh


Innate Abilities, Weirdness & Mutations

You are immune to sickness and miasma.
You are immune to poison.
Your flesh is very heat resistant. (rF++)
You are vulnerable to cold. (rC-)
You float through the air rather than walking.
You learn spells naturally, not from books.
Your magical power is your life essence.
You have superior vitality. (+4 MHP)


Message History

The goblin is severely wounded.
Flames lash the goblin.
You kill the goblin!
The foxfire hits the gnoll.
The gnoll is moderately wounded.
The foxfire hits the gnoll.
The gnoll is severely wounded.
Flames lash the gnoll.
The gnoll is heavily wounded.
The gnoll's fire resistance burns away.
The gnoll hits you from afar with a +0 spear.
Flames lash the gnoll.
The gnoll is burned terribly!
The gnoll is severely wounded.
The gnoll hits you from afar with a +0 spear.
The gnoll hits you with a +0 flail.
You are too injured to fight recklessly!
You are too injured to fight recklessly!
You are too injured to fight recklessly!
You are too injured to fight recklessly!
Casting: Scorch (safe; 16% risk of failure)
Confirm with . or Enter, or press ? or * to list all spells.
Flames lash the gnoll.
The gnoll is burned terribly!
You kill the gnoll!
The gnoll hits you but does no damage.
Casting: Scorch (safe; 16% risk of failure)
Confirm with . or Enter, or press ? or * to list all spells.
Flames lash the gnoll.
The gnoll is heavily wounded.
The gnoll's fire resistance burns away. "This might be better!"
The gnoll seems to grow stronger.
The gnoll hits you but does no damage. The gnoll hits you with a +0 flail!
* * * LOW HITPOINT WARNING * * *
Casting: Scorch (safe; 16% risk of failure)
Confirm with . or Enter, or press ? or * to list all spells.
You don't have enough health to cast this spell.
It was a potion of enlightenment.
You feel more buoyant. The gnoll hits you with a +0 flail!
You die...

## #. ###...
###......
###....<...
##..........
#...).......
##.>...).....
###...[g.......
#......@g).....
##.)...........
##............
#............
##...........
##...........
##.........
#......... ..>


You could see 2 gnolls.

Vanquished Creatures
  An orc wizard (D:3)
  A gnoll (D:4)
  3 adders (D:2)
  3 worms (D:2)
  3 dart slugs
  5 orcs
  3 endoplasms
  4 giant cockroaches
  7 goblins
  4 hobgoblins
  3 quokkas
  4 ball pythons
  3 bats
  3 frilled lizards
  9 kobolds
  9 rats
65 creatures vanquished.

Vanquished Creatures (others)
  89 foxfires
89 creatures vanquished.

Grand Total: 154 creatures vanquished

Notes
Turn   | Place    | Note
-------+----------+-------------------------------------------
     0 | D:1      | cforsyth the Djinni Chaos Knight began the quest for the
                  | Orb.
     0 | D:1      | Reached XP level 1. HP: 20/20 MP: 0/0
   182 | D:1      | Reached XP level 2. HP: 25/25 MP: 0/0
   321 | D:1      | XOM: divination: detect creatures
   589 | D:1      | Reached skill level 1 in Spellcasting
   589 | D:1      | Reached skill level 1 in Conjurations
   589 | D:1      | Reached skill level 1 in Hexes
   589 | D:1      | Reached skill level 1 in Summonings
   589 | D:1      | Reached skill level 1 in Necromancy
   589 | D:1      | Reached skill level 1 in Translocations
   589 | D:1      | Reached skill level 1 in Transmutations
   589 | D:1      | Reached skill level 1 in Fire Magic
   589 | D:1      | Reached skill level 1 in Ice Magic
   589 | D:1      | Reached skill level 1 in Air Magic
   589 | D:1      | Reached skill level 1 in Earth Magic
   589 | D:1      | Reached skill level 1 in Poison Magic
   847 | D:2      | Reached XP level 3. HP: 30/30 MP: 0/0
   847 | D:2      | Learned a level 1 spell: Foxfire
  1161 | D:2      | Reached XP level 4. HP: 30/37 MP: 0/0
  1353 | D:2      | Reached skill level 4 in Fighting
  1737 | D:3      | Found a shadowy altar of Dithmenos.
  1813 | D:3      | Found a runed translucent gate.
  1813 | D:3      | Found a runed translucent gate.
  1813 | D:3      | Found a runed translucent gate.
  1815 | D:3      | Noticed arthad's ghost (amateur TrSh)
  1843 | D:3      | XOM: divination: detect items
  1850 | D:3      | XOM: potion effect (invisibility)
  1977 | D:3      | XOM: swap monsters
  2003 | D:3      | Reached XP level 5. HP: 24/42 MP: 0/0
  2003 | D:3      | Learned a level 2 spell: Scorch
  2443 | D:4      | XOM: 5-stop teleportation journey
  2452 | D:4      | XOM: enchant monster (bad)
  2452 | D:4      | HP: 1/42 [gnoll/+0 flail (13)]
  2453 | D:4      | Mangled by a gnoll

Illustrated notes

Levels and vault maps discovered:
D:1:      dpeg_arrival_tiny_b, layout_basic, st_stairs_2
D:2:      layout_rooms
D:3:      layout_rooms, grunt_dithmenos_smoke_and_mirrors,
          ebering_ghost_rock_garden, serial_bayou_lagoon_a
D:4:      layout_cave_pods, gammafunk_ghost_mausoleum, portal_sewer_entry_d

Skill      XL: |  1  2  3  4 |
---------------+-------------+-----
Spellcasting   | 1 2 |  2.3
Conjurations   | 1 2 |  2.3
Hexes          | 1 2 |  2.3
Summonings     | 1 2 |  2.3
Necromancy     | 1 2 |  2.3
Translocations | 1 2 |  2.3
Transmutations | 1 2 |  2.3
Fire Magic     | 1 2 |  2.3
Ice Magic      | 1 2 |  2.3
Air Magic      | 1 2 |  2.3
Earth Magic    | 1 2 |  2.3
Poison Magic   | 1 2 |  2.3
Fighting       | 4 |  4.5
Long Blades    | |  2.6
Armour         | |  1.0
Dodging        | |  2.1

Action                     |  1- 3 |  4- 6 || total
---------------------------+-------+-------++-------
  Melee: Falchion          |    78 |    87 ||   165
         Punch             |     3 |       ||     3
   Cast: Foxfire           |    35 |    18 ||    53
         Scorch            |       |    18 ||    18
    Use: Potion            |       |     2 ||     2
   Stab: Sleeping          |     2 |     1 ||     3
         Petrifying        |     1 |       ||     1
         Petrified         |     6 |       ||     6
         Invisible         |       |     1 ||     1
 Armour: Leather armour    |    44 |    77 ||   121
  Dodge: Dodged            |    58 |    56 ||   114

Table legend: (Time is in decaauts)
 A = Elapsed time spent in this place.
 B = Non-inter-level travel time spent in this place.
 C = Inter-level travel time spent in this place.
 D = Time resting spent in this place.
 E = Time spent auto-exploring this place.
 F = Levels seen in this place.
 G = Mean time per level.
                   A        B        C        D        E       F      G
               +--------+--------+--------+--------+--------+-----+--------+
         Total |   2480 |   2448 |     32 |     56 |   1865 |   4 |  620.0 |
       Dungeon |   2480 |   2448 |     32 |     56 |   1865 |   4 |  620.0 |
               +--------+--------+--------+--------+--------+-----+--------+

Top non-repeatable levels by time:
     D:1: 846 daAuts
     D:3: 804 daAuts
     D:2: 784 daAuts
     D:4: 44 daAuts
